 Dungeon Crawl Stone Soup version 0.26.1-11-gd32895ea62 (webtiles) character file.

Game seed: 5420730039927405483

85 Gerhazo the Conjurer (level 4, 0/33 HPs)
             Began as a Draconian Conjurer on June 2, 2021.
             Slain by a killer bee (4 damage)
             ... on level 3 of the Dungeon.
             The game lasted 00:02:44 (2168 turns).

Gerhazo the Conjurer (Draconian Conjurer)           Turns: 2168, Time: 00:02:44

Health: 0/33       AC:  7    Str:  9    XL:     4   Next: 25%
Magic:  0/8        EV: 12    Int: 20    God:
Gold:   39         SH:  0    Dex:  9    Spells: 5/8 levels left

rFire    . . .     SeeInvis .   b - +1 dagger
rCold    . . .     Faith    .   (no shield)
rNeg     . . .     Spirit   .   (armour unavailable)
rPois    .         Reflect  .   (helmet restricted)
rElec    .         Harm     .   (no cloak)
rCorr    .         Rampage  .   i - +1 pair of gloves
Will     .....                  (no boots)
Stlth    ++........             h - amulet of inaccuracy (curse)
HPRegen  0.11/turn              (no ring)
MPRegen  0.11/turn              (no ring)

@: no status effects
A: unfitting armour, cold-blooded, AC +5
a: no special abilities


You were on level 3 of the Dungeon.
You visited 1 branch of the dungeon, and saw 3 of its levels.

You collected 39 gold pieces.

Inventory:

Hand Weapons
 b - a +1 dagger (weapon)
Armour
 i - a +1 pair of gloves (worn)
Jewellery
 g - an uncursed ring of ice
 h - a cursed amulet of inaccuracy (around neck)
Wands
 j - a wand of flame (16)
Scrolls
 a - 2 scrolls of enchant armour {unknown}
 d - a scroll of identify {unknown}
 e - 2 scrolls of remove curse {unknown}
 f - 2 scrolls of fear {unknown}
Potions
 k - 2 potions of curing {unknown}


   Skills:
 - Level 1.7 Dodging
 - Level 1.7 Stealth
 + Level 2.9 Spellcasting
 * Level 5.2 Conjurations


You had 5 spell levels left.
You knew the following spells:

 Your Spells              Type           Power        Failure   Level
a - Magic Dart            Conj           96%          1%          1
b - Searing Ray           Conj           48%          2%          2

Your spell library contained the following spells:

 Spells                   Type           Power        Failure   Level
 Dazzling Flash           Conj/Hex       26%          14%         3
 Fulminant Prism          Conj/Hex       6%           43%         4
 Iskenderun's Mystic Bla  Conj/Tloc      13%          43%         4


Dungeon Overview and Level Annotations

Branches:
Dungeon (3/15)

Altars:


Innate Abilities, Weirdness & Mutations

Your plain brown scales are hard. (AC +5)
You cannot fit into any form of body armour.
You are cold-blooded and may be slowed by cold attacks.


Message History

Your Conjurations skill increases to level 5!
You have reached level 4!
You feel clever.
The killer bee buzzes angrily.
You hear an angry buzzing noise.
A killer bee comes into view.
The killer bee stings you.
* * * LOW HITPOINT WARNING * * *
Casting: Magic Dart (safe; 1% risk of failure)
Confirm with . or Enter, or press ? or * to list all spells.
Aiming: Magic Dart (safe; 1% risk of failure)
Press: ? - help, Shift-Dir - straight line, f - killer bee
Aim: a killer bee (0% to evade)
The magic dart hits the killer bee.
The killer bee is lightly wounded.
The killer bee barely misses you. x2
Unknown command.
As you read the scroll labelled PAKA YSUTI, it crumbles to dust.
It is a scroll of enchant weapon.
Your +0 dagger glows red for a moment.
The killer bee stings you.
You die...

#########.# #.#
..........#########.#
..................).#
..
#.####.#############
#y #†# y. #.# #. #.#
#. #.# #. #@#
#.##########y#
#....y†......#
##############


You could see a killer bee.

Vanquished Creatures
  A killer bee (D:3)
  An adder (D:3)
  A dart slug (D:1)
  2 leopard geckos (D:1)
  An orc (D:3)
  A ball python (D:1)
  4 bats
  A giant cockroach (D:1)
  5 goblins (D:1)
  5 hobgoblins (D:1)
  3 rats (D:1)
25 creatures vanquished.

Notes
Turn   | Place    | Note
-------+----------+-------------------------------------------
     0 | D:1      | Gerhazo the Draconian Conjurer began the quest for the Orb.
     0 | D:1      | Reached XP level 1. HP: 14/14 MP: 3/3
   580 | D:1      | Reached XP level 2. HP: 17/20 MP: 0/5
   615 | D:1      | Learned a level 2 spell: Searing Ray
  1855 | D:2      | Reached XP level 3. HP: 25/26 MP: 2/6
  2148 | D:3      | Noticed a killer bee
  2148 | D:3      | Noticed a killer bee
  2149 | D:3      | Noticed a killer bee
  2160 | D:3      | Killed a killer bee
  2161 | D:3      | Reached skill level 5 in Conjurations
  2161 | D:3      | Reached XP level 4. HP: 8/33 MP: 0/8
  2168 | D:3      | Slain by a killer bee

Illustrated notes

Levels and vault maps discovered:
D:1:      amcnicky_arrival_choice, layout_basic, minmay_strange_pillars,
          serial_bayou_pond_b
D:2:      layout_basic, nemelex_xobeh_ov_fountains_minmay, dk_noncrumbling_2
D:3:      layout_loops_ring, chequers_temple_overflow_statue_of_worship,
          lemuel_coloured_pillars_altar, uniq_terence

Skill      XL: |  1  2  3 |
---------------+----------+-----
Conjurations   | 5 |  5.2
Dodging        | |  1.7
Stealth        | |  1.7
Spellcasting   | |  2.9

Action                   |  1- 3 |  4- 6 || total
-------------------------+-------+-------++-------
Melee: Dagger            |    23 |       ||    23
       Tailslap          |     2 |       ||     2
 Cast: Magic Dart        |    19 |     1 ||    20
       Searing Ray       |    18 |       ||    18
  Use: Scroll            |       |     1 ||     1
Armor: Skin              |    27 |       ||    27
Dodge: Dodged            |    50 |     2 ||    52
